 Dungeon Crawl Stone Soup version 0.27-a0-1280-g9d2d252d84 (webtiles) character file.

Game seed: 8358377350887853130

1 27snakeeyes612 the Skirmisher (level 1, 0/11 HPs)
             Began as a Vine Stalker Fighter on June 13, 2021.
             Slain by a kobold (1 damage)
             ... on level 1 of the Dungeon.
             The game lasted 00:00:05 (35 turns).

27snakeeyes612 the Skirmisher (Vine Stalker Fighter)  Turns: 35, Time: 00:00:06

Health: 0/11       AC:  6    Str: 18    XL:     1   Next: 20%
Magic:  0/2        EV:  7    Int:  8    God:
Gold:   0          SH:  9    Dex: 13    Spells: 0/0 levels left

rFire    . . .     SeeInvis .   a - +0 war axe
rCold    . . .     Faith    .   c - +0 kite shield
rNeg     . . .     Spirit   +   b - +0 scale mail
rPois    .         Reflect  .   (no helmet)
rElec    .         Harm     .   (no cloak)
rCorr    .         Rampage  .   (no gloves)
Will     .....                  (no boots)
Stlth    ..........             (no amulet)
HPRegen  0.03/turn              (no ring)
MPRegen  0.08/turn              (no ring)

@: no status effects
A: fangs 2, magic shield, antimagic bite, no potion heal 2
a: no special abilities


You were on level 1 of the Dungeon.
You visited 1 branch of the dungeon, and saw 1 of its levels.

Inventory:

Hand Weapons
 a - a +0 war axe (weapon)
Armour
 b - a +0 scale mail (worn)
 c - a +0 kite shield (worn)
Potions
 d - a potion of might


   Skills:
 + Level 2.7 Fighting
 + Level 1.7 Axes
 + Level 2.4 Armour
 + Level 2.7 Shields


You couldn't memorise any spells.
You didn't know any spells.
Your spell library was empty.

Dungeon Overview and Level Annotations

Branches:
Dungeon (1/15)

Altars:


Innate Abilities, Weirdness & Mutations

You have extremely sharp teeth.
When hurt, damage is shared between your health and your magic reserves.
Your bite disrupts and absorbs the magic of your enemies.
Potions cannot restore your health.


Message History

The hobgoblin closely misses you.
The kobold throws a stone.
The stone hits you but does no damage. The hobgoblin hits you.
You hit the hobgoblin.
The hobgoblin is lightly wounded.
You block the hobgoblin's attack.
The kobold throws a stone.
You block the stone.
The kobold throws a stone.
The stone hits you. The hobgoblin hits you.
* * * LOW HITPOINT WARNING * * *
You are too injured to fight recklessly!
There are monsters nearby!
Your shield and scale mail prevent you from hitting the hobgoblin.
You bite the hobgoblin, but do no damage.
The hobgoblin is lightly wounded.
You block the hobgoblin's attack.
You barely miss the hobgoblin. You bite the hobgoblin. You drain its power.
You feel invigorated.
The hobgoblin is heavily wounded.
You barely miss the kobold. The kobold barely misses you.
You block the hobgoblin's attack. The kobold closely misses you.
The hobgoblin hits you.
* * * LOW HITPOINT WARNING * * *
You closely miss the hobgoblin.
The hobgoblin is heavily wounded.
You completely miss the kobold. You block the kobold's attack.
You block the hobgoblin's attack. The kobold hits you but does no damage.
The hobgoblin hits you but does no damage.
You barely miss the hobgoblin. You bite the hobgoblin. You drain its power.
You feel invigorated.
The hobgoblin is severely wounded.
You closely miss the kobold.
A frilled lizard comes into view.
The kobold hits you with a +0 whip.
* * * LOW HITPOINT WARNING * * *
The hobgoblin hits you but does no damage.
You completely miss the hobgoblin.
The frilled lizard hisses angrily.
You bite the hobgoblin.
You kill the hobgoblin!
You hit the kobold. The kobold hits you with a +0 whip.
You die...

########## .l .#
.........#### .. .#
####'####...###.#..
#...# ####.##...##
#...# ##.#....
###'### #.##..#
##.....## ##.#K.#
#.......# #.#@.#
+...<...+ #....#
#.......# #.#..#
##.....## #.#..#
###+### .###.# #.
.. .# >## .# .# #


You could see a kobold and a frilled lizard.

Vanquished Creatures
  A goblin (D:1)
  A hobgoblin (D:1)
2 creatures vanquished.

Notes
Turn   | Place    | Note
-------+----------+-------------------------------------------
     0 | D:1      | 27snakeeyes612 the Vine Stalker Fighter began the quest for
                  | the Orb.
     0 | D:1      | Reached XP level 1. HP: 11/11 MP: 2/2
    35 | D:1      | Slain by a kobold

Illustrated notes

Levels and vault maps discovered:
D:1:      dpeg_arrival_another_circle, layout_basic, minmay_indecisive_spiral

Action                   || total
-------------------------++-------
Melee: War axe           ||    13
       Bite              ||     5
Armor: Scale mail        ||     8
Dodge: Dodged            ||     3
Block: Kite shield       ||    11

Table legend: (Time is in decaauts)
 A = Elapsed time spent in this place.
 B = Non-inter-level travel time spent in this place.
 C = Inter-level travel time spent in this place.
 D = Time resting spent in this place.
 E = Time spent auto-exploring this place.
 F = Levels seen in this place.
 G = Mean time per level.
                   A        B        C        D        E       F      G
               +--------+--------+--------+--------+--------+-----+--------+
         Total |     42 |     42 |      0 |      0 |     21 |   1 |   42.0 |
       Dungeon |     42 |     42 |      0 |      0 |     21 |   1 |   42.0 |
               +--------+--------+--------+--------+--------+-----+--------+

Top non-repeatable levels by time:
     D:1: 42 daAuts
